 Dungeon Crawl Stone Soup version 0.31-a0-188-g5e087ee2ca (webtiles) character file.

Game seed: 17293620749174630932

69 qw the Shooter (level 4, 0/25 HPs)
             Began as a Deep Elf Hunter on June 23, 2023.
             Succumbed to their own poison gas
             ... on level 2 of the Dungeon.
             The game lasted 00:00:31 (1554 turns).

qw the Shooter (Deep Elf Hunter)                    Turns: 1554, Time: 00:00:32

Health: 0/25       AC:  5    Str: 10    XL:     4   Next: 2%
Magic:  6/6        EV: 11    Int: 14    God:
Gold:   93         SH:  5    Dex: 18    Spells: 3/3 levels left

rFire   + . .        Y - +1 shortbow
rCold   . . .        (shield currently unavailable)
rNeg    . . .        e - +0 ring mail
rPois   .            (no helmet)
rElec   .            (no cloak)
rCorr   .            (no gloves)
SInv    .            (no boots)
Will    .....        c - amulet of reflection
Stlth   +            g - ring of protection from fire
HPRegen 0.24/turn    (no ring)
MPRegen 0.10/turn

%: reflection
@: lethally poisoned (0 -> -8)
A: no striking features
a: no special abilities


You were on level 2 of the Dungeon.
You visited 1 branch of the dungeon, and saw 2 of its levels.

You collected 93 gold pieces.


   Skills:
 - Level 1.5 Fighting
 + Level 7.4 Ranged Weapons
 - Level 2.4 Dodging
 - Level 1.2 Stealth


You had 3 spell levels left.
You didn't know any spells.
Your spell library was empty.

Inventory:

Hand Weapons
 Y - a +1 shortbow (weapon)
Armour
 e - a +0 ring mail (worn)
Jewellery
 c - an amulet of reflection (around neck)
 g - a ring of protection from fire (left hand)
Scrolls
 a - a scroll of identify
Potions
 d - a potion of cancellation {unknown}
 f - a potion of haste {unknown}

Dungeon Overview and Level Annotations

Branches:
Dungeon (2/15)

Altars:

Annotations:
D:2 1 runed translucent door, Crazy Yiuf


Message History

It is a scroll of identify.
Really abort (and waste the scroll)?
Crazy Yiuf cries, "Rot fast meccalolo!"
Could not explore, unopened runed door.
1549 ||| READING scroll labelled MAPSAFR KAMAUT.
The air fills with toxic fumes!
As you read the scroll labelled MAPSAFR KAMAUT, it crumbles to dust.
It was a scroll of poison.
Could not explore, unopened runed door.
(D) Dungeon
Where to? (* - list waypoints, Enter - D:2, ? - help)
What level of the Dungeon? (default 1, ? - help) Sorry, I don't know how to get there.
Enter note:
Enter note:
Enter note:
Enter note:
Enter note:
Enter note:
Enter note:
Enter note:
Enter note:
Enter note:
Enter note:
Enter note:
Enter note:
Enter note:
Enter note: Really walk into that cloud of poison gas?
You are engulfed in poison gas.
You are poisoned.
You feel very sick.
1551 ||| Stepping ~*~*~tactically~*~*~ (cloud).
You feel very sick.
There is a lethal amount of poison in your body!
You feel very sick.
Crazy Yiuf says, "Scoff wrapper dark!"
There is a lethal amount of poison in your body!
You feel very sick.
There is a lethal amount of poison in your body!
You die...

###.#...##.#####
##.##
P##.##.###.#
#...####
P##.##.###.#
#.#.....
P##........#
##### #...####
P#####.#####
#)..# ##### P#
#.# #...# P# #.#
.g. ## P# #.#
#+# ##########.
P# #.#


7@77 #.......... P## #.# ### 77¤7 #.##...##>. ..## #.###.# 7¤77 #.#.....#..
P..###.##..# 77¤7 #.#........ P..........# 77.77 #.#.....#.. P###.......# 77...7
#.##...##.. ## ##...#### 7....7 #....)..... ##.## ##.)## #####.##### #.#
####)...# #.###.. You could see Crazy Yiuf.

Vanquished Creatures
  2 adders (D:2)
  A worm (D:2)
  3 dart slugs
  2 ball pythons
  2 endoplasms (D:2)
  2 giant cockroaches
  5 goblins
  2 hobgoblins (D:2)
  4 jackals (D:1)
  4 kobolds
  3 quokkas
  4 bats
  2 frilled lizards
  4 rats
40 creatures vanquished.

Notes
Turn   | Place    | Note
-------+----------+-------------------------------------------
     0 | D:1      | qw the Deep Elf Hunter began the quest for the Orb.
     0 | D:1      | Reached XP level 1. HP: 12/12 MP: 3/3
     0 | D:1      | 0 ||| qw: Version: 0.3-a-9-g12657ce
     0 | D:1      | 0 ||| qw: Game counter: 3233
     0 | D:1      | 0 ||| qw: Always use a shield: true
     0 | D:1      | 0 ||| qw: God list: Okawaru
     0 | D:1      | 0 ||| qw: Allow faded altars: false
     0 | D:1      | 0 ||| qw: Do Orc after D:15 true
     0 | D:1      | 0 ||| qw: Do second Lair branch before Depths: true
     0 | D:1      | 0 ||| qw: Lair rune preference: random
     0 | D:1      | 0 ||| qw: Plans: Normal
     0 | D:1      | 0 ||| PLANNING D:1-11
   227 | D:1      | Reached XP level 2. HP: 16/16 MP: 4/4
   245 | D:1      | Reached skill level 6 in Ranged Weapons
   564 | D:1      | 564 ||| UPGRADING to +0 ring mail.
   574 | D:1      | 574 ||| DROPPING +0 leather armour.
   575 | D:1      | 575 ||| UPGRADING to ring of protection from fire.
   576 | D:1      | 576 ||| READING scroll labelled DIAHIPUGE.
   580 | D:1      | 580 ||| READING scroll labelled TOUL BEILAV.
   581 | D:1      | 581 ||| DROPPING scroll of butterflies.
   606 | D:2      | Identified the +7 hammer of the Everdark {drain, Dex+8}
   608 | D:2      | Identified the +1 hammer of Causality {venom, rN+}
   612 | D:2      | Found a runed translucent door.
   613 | D:2      | Noticed Crazy Yiuf
   729 | D:2      | Reached XP level 3. HP: 14/20 MP: 5/5
   887 | D:2      | Reached skill level 7 in Ranged Weapons
   914 | D:2      | 914 ||| FLEEEEING.
   915 | D:2      | 915 ||| FLEEEEING.
  1363 | D:2      | Reached XP level 4. HP: 25/25 MP: 6/6
  1543 | D:2      | 1543 ||| UPGRADING to amulet of reflection.
  1548 | D:2      | 1548 ||| READING 2 scrolls labelled DUH WOGASIPP.
  1549 | D:2      | 1549 ||| READING scroll labelled MAPSAFR KAMAUT.
  1551 | D:2      | 1551 ||| Stepping ~*~*~tactically~*~*~ (cloud).
  1552 | D:2      | HP: 4/25 [poisoned by you (poison gas)]
  1554 | D:2      | Succumbed to their own poison gas

Levels and vault maps discovered:
D:1:      psy_arrival_dodecagon, layout_basic, minmay_misc_feat_x,
          minmay_misc_feat_roman
D:2:      layout_loops_corners, minmay_hedge_maze, uniq_crazy_yiuf_cottage

Skill      XL: |  1  2  3 |
---------------+----------+-----
Ranged Weapons | 6 7 |  7.4
Fighting       | |  1.5
Dodging        | |  2.4
Stealth        | |  1.2

Action                     |  1- 3 |  4- 6 || total
---------------------------+-------+-------++-------
   Fire: Shortbow          |    98 |     2 ||   100
    Use: Scroll            |     2 |     2 ||     4
 Armour: Ring mail         |    17 |       ||    17
  Dodge: Dodged            |    26 |       ||    26

Table legend:
 A = Non-vault XP
 B = Vault XP
 C = Vault XP percentage of total XP
 D = Non-vault monster count
 E = Vault monster count
 F = Vault count percentage of total count
                 A         B        C        D         E       F
            +---------+---------+-------+---------+---------+-------
      Total |      99 |       0 |   0.0 |      40 |       0 |   0.0
            +---------+---------+-------+---------+---------+-------
        D:1 |      31 |       0 |   0.0 |      17 |       0 |   0.0
        D:2 |      68 |       0 |   0.0 |      23 |       0 |   0.0
            +---------+---------+-------+---------+---------+-------
